 Dungeon Crawl Stone Soup version 0.13.0-17-g5f0e85f (webtiles) character file.

1676 HungrySpirit the Archer (level 8, -8/66 HPs)
             Began as a Centaur Hunter on Oct 21, 2013.
             Was a Follower of Okawaru.
             Mangled by an orc warrior
             ... wielding a +0,+0 orcish great mace
              (12 damage)
             ... on Level 6 of the Dungeon.
             The game lasted 00:12:55 (4921 turns).

HungrySpirit the Archer (Centaur Hunter)            Turns: 4921, Time: 00:12:55

HP  -8/66        AC  8     Str 14      XL: 8   Next: 52%
MP   5/5         EV  7     Int 10      God: Okawaru [*.....]
Gold 178         SH  0     Dex 13      Spells:  0 memorised,  7 levels left

Res.Fire  : . . .   See Invis. : .   j - +2,+0 bow (frost)
Res.Cold  : . . .   Warding    : .   r - +2 ring mail
Life Prot.: . . .   Conserve   : .   (no shield)
Res.Poison: .       Res.Corr.  : .   (no helmet)
Res.Elec. : .       Clarity    : .   B - +0 cloak
Sust.Abil.: . .     Spirit.Shd : .   (no gloves)
Res.Mut.  : +       Stasis     : .   (no barding)
Res.Rott. : .       Flight     : .   w - amulet of resist mutation {unknown}
Saprovore : . . .                    C - ring of invisibility
                                     s - ring of teleport control

@: very quick, slightly resistant to hostile enchantments, extremely unstealthy
A: hooves 3, deformed body, herbivore 1, speed 2, fast metabolism 1, tough skin
3
a: Heroism, Renounce Religion, Evoke Invisibility, Evoke Teleport Control


You were on level 6 of the Dungeon.
You worshipped Okawaru.
Okawaru was aware of your devotion.
You were hungry.

You visited 1 branch of the dungeon, and saw 6 of its levels.

You collected 158 gold pieces.

Inventory:

Hand weapons
 b - a +1,+1 bow
 j - a +2,+0 bow of frost (weapon)
 k - a +3,+1 short sword
Missiles
 c - an arrow (quivered)
Armour
 r - a +2 ring mail (worn)
 B - a +0 cloak (worn)
Magical devices
 p - a wand of heal wounds (5) {unknown}
 u - a wand of random effects (11) {unknown}
Comestibles
 f - 4 bread rations
 i - 2 meat rations
 x - a banana
Scrolls
 d - a scroll of recharging {unknown}
 g - 2 scrolls of enchant weapon I {unknown}
 h - 3 scrolls of remove curse {unknown}
 m - 2 scrolls of noise {unknown}
 o - a scroll of random uselessness {unknown}
 t - 6 scrolls of identify {unknown}
 v - a scroll of fog {unknown}
 y - 2 scrolls of enchant weapon II {unknown}
 z - a scroll of enchant armour {unknown}
Jewellery
 s - a ring of teleport control (left hand)
 w - an amulet of resist mutation (around neck) {unknown}
 C - a ring of invisibility (right hand)
Potions
 a - 5 potions of curing {unknown}
 e - 4 potions of heal wounds {unknown}
 n - 2 potions of might {unknown}
 q - a potion of poison {unknown}
 A - a potion of brilliance {unknown}


   Skills:
 + Level 5.5 Fighting
 * Level 12.6 Bows
 - Level 1.3 Dodging
 - Level 0.5 Stealth


You had 7 spell levels left.
You didn't know any spells.

Dungeon Overview and Level Annotations

Branches:
Dungeon (6/27)             Temple (0/1) D:6
    Orc: D:6-11

Altars:
Okawaru


Innate Abilities, Weirdness & Mutations

You have hooves in place of feet.
Armour fits poorly on your strangely shaped body.
You digest meat inefficiently.
You cover ground very quickly.
You have a fast metabolism.
You have extremely tough skin (AC +3).


Message History

Press: ? - help, Shift-Dir - straight line, f/p - orc warrior
Aim: an orc warrior, wielding an orcish great mace and wearing an orcish chain mail (severely wounded)
You shoot an arrow.
The arrow of frost hits the orc warrior.
The orc warrior is almost dead.
Firing (i - inventory):
c - 3 arrows (quivered)
Press: ? - help, Shift-Dir - straight line, f/p - orc warrior
Aim: an orc warrior, wielding an orcish great mace and wearing an orcish chain mail (almost dead)
You shoot an arrow.
The arrow of frost hits the orc warrior.
The orc warrior is almost dead.
The orc warrior hits you with an orcish great mace!
* * * LOW HITPOINT WARNING * * *
Firing (i - inventory):
c - 2 arrows (quivered)
Press: ? - help, Shift-Dir - straight line, f/p - orc warrior
Aim: an orc warrior, wielding an orcish great mace and wearing an orcish chain mail (almost dead)
You shoot an arrow.
The arrow of frost misses the orc warrior.
The orc warrior hits you with an orcish great mace!
You die...

.#####.#≈≈§>≈§≈# #...# #.#.#
#......)≈§≈≈§§≈# ##.## #.#.#
.##.<###.≈≈§§≈.#
###.#####.#.# ###..#
#..≈§≈..# #........... #
#..# #######[#####.#...###.#
# #..# #............... #
#..###### #..####..#..#... #
#.......####..####.....#...#
# #.####.......)@o(((#..##
..# ###.#
#.#####.)####)..###...#
.##.####.## #.(#
###).......#
..........####..#
#..........#
...........)....#
#.######....#
...........o..<.# #o# .#.
...#####.(..###.###.######.
#..# ###o..## ##............
#..# #.o...# ############


You could see an orc warrior.

Vanquished Creatures
  Eustachio (D:6)
  2 orc warriors (D:6)
  A sky beast (D:5)
  2 centaurs
  An ice beast (D:5)
  An ogre (D:5)
  A giant frog (D:6)
  A jelly (D:5)
  3 hounds
  4 orc priests (D:6)
  2 iguanas (D:4)
  4 orc wizards
  2 worker ants (D:4)
  Jessica (D:2)
  2 ogre skeletons
  The ghost of 4tharraofdagon the Magician, a weakling DEWz (D:4)
  7 adders
  A worm (D:4)
  5 giant geckos
  15 orcs
  6 bats
  6 giant cockroaches
  9 goblins
  12 hobgoblins
  2 quokkas
  A giant cockroach zombie (D:5)
  4 giant newts
  2 goblin skeletons (D:5)
  4 jackals (D:2)
  14 kobolds
  An orc zombie (D:5)
  6 rats
124 creatures vanquished.

Vanquished Creatures (others)
  3 orcs (D:6)
3 creatures vanquished.

Grand Total: 127 creatures vanquished

Notes
Turn   | Place    | Note
--------------------------------------------------------------
     0 | D:1      | HungrySpirit, the Centaur Hunter, began the quest for the Orb.
     0 | D:1      | Reached XP level 1. HP: 17/17 MP: 0/0
   129 | D:1      | Reached XP level 2. HP: 24/24 MP: 1/1
   164 | D:1      | Reached skill level 6 in Bows
   856 | D:1      | Reached XP level 3. HP: 24/29 MP: 2/2
  1361 | D:2      | Reached skill level 7 in Bows
  1371 | D:2      | Noticed Jessica
  1374 | D:2      | Killed Jessica
  1502 | D:2      | Reached XP level 4. HP: 36/36 MP: 2/2
  2617 | D:4      | Reached skill level 8 in Bows
  2685 | D:4      | Reached XP level 5. HP: 37/42 MP: 3/3
  2830 | D:4      | Noticed 4tharraofdagon's ghost (weakling DEWz)
  2834 | D:4      | Killed 4tharraofdagon's ghost
  3026 | D:4      | Reached skill level 9 in Bows
  3026 | D:4      | Reached XP level 6. HP: 39/49 MP: 4/4
  3068 | D:4      | Found an iron altar of Okawaru.
  3127 | D:4      | Became a worshipper of Warmaster Okawaru
  3556 | D:5      | Entered Level 5 of the Dungeon
  3682 | D:5      | Reached skill level 10 in Bows
  3682 | D:5      | Reached XP level 7. HP: 29/56 MP: 4/4
  4323 | D:6      | Found a staircase to the Ecumenical Temple.
  4385 | D:6      | Noticed Eustachio
  4387 | D:6      | Acquired Okawaru's first power
  4387 | D:6      | Reached skill level 11 in Bows
  4404 | D:6      | Killed Eustachio
  4493 | D:6      | Reached XP level 8. HP: 57/64 MP: 5/5
  4833 | D:6      | Reached skill level 5 in Fighting
  4833 | D:6      | Reached skill level 12 in Bows
  4920 | D:6      | HP: 3/66 [orc warrior/orcish great mace (25)]
  4921 | D:6      | Mangled by an orc warrior

Action                   |  1- 3 |  4- 6 |  7- 9 || total
-------------------------+-------+-------+-------++-------
Melee: Short sword       |    62 |    61 |     1 ||   124
 Fire: Bow               |    43 |    91 |   149 ||   283
  Use: Scroll            |       |       |     2 ||     2
